 Dungeon Crawl Stone Soup version 0.22-a0-369-gc73351f94e (webtiles) character file.

26726 Manul the Imperceptible (level 13, -25/65 HPs)
             Began as a Spriggan Assassin on Apr 22, 2018.
             Was an Initiate of Gozag.
             Annihilated by a stone giant (29 damage)
             ... on level 1 of the Orcish Mines on Apr 25, 2018.
             The game lasted 00:28:57 (18299 turns).

Manul the Imperceptible (Spriggan Assassin)        Turns: 18299, Time: 00:28:57

Health: -25/65     AC:  5    Str:  9    XL:     13   Next: 0%
Magic:  19/19      EV: 38    Int: 13    God:    Gozag
Gold:   1132       SH:  0    Dex: 22    Spells: 12/12 levels left

rFire    . . .     SeeInvis +   o - +0 dagger (elec)
rCold    . . .     Gourm    .   (shield restricted)
rNeg     + . .     Faith    .   W - +1 robe "Vaupal" {rPois MR+ Str+2 SInv} (curse)
rPois    +         Spirit   .   X - +0 hat {SInv}
rElec    .         Reflect  .   d - +1 cloak
rCorr    .         Harm     .   (gloves unavailable)
MR       +++..     Rnd*Tele +   (boots unavailable)
Stlth    +++++++++.             y - amulet of the acrobat
HPRegen  0.20/turn              r - +6 ring of evasion
MPRegen  0.16/turn              i - ring of Qedy {*Tele rN+ Stlth+}

@: very quick
A: very small, unfitting armour, see invisible, herbivore, speed 3, slow
metabolism 2
a: Potion Petition, Call Merchant, Bribe Branch, Renounce Religion


You were on level 1 of the Orcish Mines.
You worshipped Gozag.
Gozag was most pleased with you.
You were not hungry.

You visited 3 branches of the dungeon, and saw 16 of its levels.
You also visited: Sewer and Bailey.

You collected 2448 gold pieces.
You paid 1316 gold pieces to Gozag.

Inventory:

Hand Weapons
 b - a +0 blowgun
 m - a +1 dagger of freezing
 n - a +3 dagger of speed
 o - a +0 dagger of electrocution (weapon)
 v - a +2 quarterstaff of chaos
 D - a +0 rapier of speed
Missiles
 e - 90 poisoned needles
 J - a throwing net (quivered)
 O - 15 curare-tipped needles
Armour
 d - a +1 cloak (worn)
 U - a +2 robe of fire resistance
 W - the cursed +1 robe "Vaupal" (worn) {rPois MR+ Str+2 SInv}
   (You found it on level 12 of the Dungeon)

   It affects your strength (+2).
   It protects you from poison.
   It affects your resistance to hostile enchantments.
   It lets you see invisible.
   It has a curse placed upon it.
 X - a +0 hat of see invisible (worn)
Jewellery
 c - an uncursed ring of poison resistance
 i - the ring of Qedy (right hand) {*Tele rN+ Stlth+}
   (You found it in a bailey)

   [ring of teleportation]

   It may teleport you next to monsters.
   It protects you from negative energy.
   It makes you more stealthy.
 l - an uncursed ring of stealth
 r - a +6 ring of evasion (left hand)
 y - an amulet of the acrobat (around neck)
 I - an uncursed ring of protection from magic {unknown}
 M - an uncursed ring of ice
Wands
 q - a wand of polymorph (9)
 B - a wand of enslavement (24)
 C - a wand of flame (74)
 N - a wand of iceblast (8)
 P - a wand of acid (16)
 T - a wand of disintegration (4)
Scrolls
 a - a scroll of immolation
 f - a scroll of blinking
 h - 3 scrolls of enchant armour
 k - 6 scrolls of identify
 p - 7 scrolls of remove curse
 w - 6 scrolls of magic mapping
 A - 2 scrolls of fear
 G - 2 scrolls of fog
 H - a scroll of teleportation
 Q - 2 scrolls of holy word
 R - a scroll of amnesia
Potions
 j - a potion of mutation {unknown}
 s - 2 potions of magic
 t - 2 potions of lignification
 u - a potion of invisibility
 z - a potion of might
 E - 2 potions of brilliance
 F - a potion of curing
 K - 2 potions of ambrosia
 L - a potion of heal wounds
 S - a potion of agility {unknown}
 V - a potion of flight
Miscellaneous
 x - a lightning rod (4/4)
Comestibles
 g - 15 rations


   Skills:
 + Level 5.9 Fighting
 + Level 10.9 Short Blades
 - Level 2.0 Throwing
 + Level 13.9 Dodging
 - Level 21.0 Stealth
 + Level 7.1 Evocations


You had 12 spell levels left.
You didn't know any spells.

Dungeon Overview and Level Annotations

Branches:
Dungeon (14/15)            Temple (1/1) D:7            Lair (0/6) D:10
    Orc (1/2) D:12
 Vaults: D:13-14

Altars:
Ashenzari
Gozag
Kikubaaqudgha
Makhleb
Okawaru
Ru
Sif Muna
Trog
Uskayaw
Xom

Shops:
D:6 (*   D:10 (   D:11 (


Innate Abilities, Weirdness & Mutations

You are very small and have problems with some larger weapons.
You are too small for most types of armour.
You have supernaturally acute eyesight. (SInv)
You are a herbivore.
You cover ground extremely quickly.
You need to consume almost no food.


Message History

You hear a shout! x2
You are too injured to fight recklessly!
You are too injured to fight recklessly!
You are too injured to fight recklessly!
You are too injured to fight recklessly!
You are too injured to fight recklessly!
You are too injured to fight recklessly!
You are too injured to fight recklessly!
You are too injured to fight recklessly!
You are too injured to fight recklessly!
You hit the stone giant.
The stone giant is almost dead.
The stone giant is no longer moving slowly.
You hit the stone giant but do no damage.
The stone giant is almost dead.
You hit the stone giant but do no damage.
The stone giant is almost dead.
The stone giant hits you!!
You die...
Your body crumbles into a pile of gold.

######### ## ##.#..##.##
## #..#........$### ..
.........(@....## .#
..........C.....##.##
.......).(#.........##
....#........o.......##.
.. #..................$.
..$#.#.#.$.............
... ##.#.......$$...#..#
.. #...#.$............#
. ..#.##$.##...$.....#


You could see a stone giant and an orc warrior.

Vanquished Creatures
  Snorg (D:11)
  Josephine (D:11)
  Fannar (D:11)
  A hydra (D:11)
  Erolcha (D:11)
  A centaur warrior (D:13)
  A death knight (D:11)
  2 two-headed ogres
  A tengu warrior (D:12)
  Urug (D:12)
  Sonja (D:10)
  3 skeletal warriors (D:13)
  Pikel (D:6)
  An orc knight (Bailey)
  A deep elf mage (D:12)
  An ugly thing (D:12)
  A cyclops (D:13)
  An orc sorcerer (Orc:1)
  2 manticores (D:14)
  A gargoyle (D:11)
  A komodo dragon (D:10)
  Grum (D:8)
  2 trolls
  4 hippogriffs
  A spriggan (shapeshifter) (D:14)
  A vampire (D:11)
  A shadow (D:14)
  4 wyverns
  6 wraiths
  4 yaks
  4 vampire mosquitoes (D:10)
  A soldier ant (D:10)
  An acid dragon (D:13)
  A water moccasin (D:9)
  3 ice beasts
  2 black bears
  8 orc warriors
  3 phantoms
  2 necrophages
  11 ogres
  3 sky beasts
  3 eyes of draining
  2 wolves (D:7)
  15 centaurs
  2 crocodiles
  5 bullfrogs
  3 big kobolds
  A wyvern skeleton (D:12)
  2 scorpions
  7 wights
  8 killer bees (D:10)
  A bullfrog zombie (D:6)
  4 crimson imps
  A howler monkey (D:5)
  4 jellies
  A hound (D:12)
  9 orc priests
  6 centaur skeletons
  Crazy Yiuf (D:3)
  2 bullfrog skeletons
  10 orc wizards
  5 iguanas
  9 worker ants
  2 hound zombies (D:6)
  2 hound skeletons
  Robin (D:2)
  10 gnolls
  15 adders
  3 shadow imps
  6 oozes
  An adder skeleton (D:8)
  9 worms
  5 dart slugs
  11 leopard geckos
  42 orcs
  A bat zombie (D:2)
  11 giant cockroaches
  21 goblins
  14 hobgoblins
  8 jackals
  26 kobolds
  4 quokkas
  16 ball pythons
  15 bats
  14 frilled lizards
  A leopard gecko zombie (D:5)
  4 rats
  A plant (D:10)
432 creatures vanquished.

Vanquished Creatures (others)
  A slave (D:7)
  A wolf (D:8)
  A scorpion (D:7)
  A jelly (D:7)
4 creatures vanquished.

Grand Total: 436 creatures vanquished

Notes
Turn   | Place    | Note
-------+----------+-------------------------------------------
     0 | D:1      | Manul the Spriggan Assassin began the quest for the Orb.
     0 | D:1      | Reached XP level 1. HP: 10/10 MP: 2/2
     7 | D:1      | Reached skill level 6 in Stealth
     7 | D:1      | Reached XP level 2. HP: 14/14 MP: 3/3
   274 | D:1      | Reached skill level 7 in Stealth
   306 | D:1      | Reached XP level 3. HP: 14/18 MP: 4/4
   917 | D:2      | Found a shimmering altar of Xom.
  1304 | D:2      | Reached XP level 4. HP: 23/23 MP: 5/5
  1972 | D:2      | Reached skill level 8 in Stealth
  1994 | D:2      | Found a bloodstained altar of Trog.
  2000 | D:2      | Found a transporter.
  2001 | D:2      | Noticed Robin
  2036 | D:2      | Killed Robin
  2163 | D:2      | Found a transporter.
  2237 | D:2      | Reached XP level 5. HP: 26/26 MP: 6/6
  3001 | D:3      | Found a runed door.
  3149 | D:3      | Noticed Crazy Yiuf
  3183 | D:3      | Killed Crazy Yiuf
  3248 | D:4      | Reached skill level 9 in Stealth
  3271 | D:4      | Noticed an ogre
  3297 | D:4      | Killed an ogre
  3297 | D:4      | Reached XP level 6. HP: 11/30 MP: 7/7
  3597 | D:5      | Entered Level 5 of the Dungeon
  3637 | D:5      | Reached skill level 10 in Stealth
  3773 | D:5      | Found a glowing drain.
  3785 | Sewer    | Entered a sewer
  4038 | Sewer    | Reached XP level 7. HP: 23/35 MP: 8/8
  4708 | D:5      | Reached skill level 5 in Dodging
  4955 | D:2      | Reached skill level 11 in Stealth
  5139 | D:4      | Reached XP level 8. HP: 33/39 MP: 9/9
  5216 | D:4      | Reached skill level 5 in Short Blades
  5747 | D:5      | Reached skill level 12 in Stealth
  6288 | D:6      | Found Wudwust's General Store.
  6518 | D:6      | Reached skill level 13 in Stealth
  6584 | D:6      | Reached XP level 9. HP: 36/44 MP: 10/10
  6860 | D:6      | Found Tezxam's Weapon Boutique.
  7086 | D:7      | Noticed Pikel
  7128 | D:6      | Killed Pikel
  7128 | D:6      | Reached skill level 14 in Stealth
  8309 | D:7      | Reached skill level 15 in Stealth
  8370 | D:7      | Found a staircase to the Ecumenical Temple.
  8386 | Temple   | Entered the Ecumenical Temple
  8392 | Temple   | Became a worshipper of Gozag Ym Sagoz the Greedy
  8488 | D:8      | Noticed a troll
  8501 | D:8      | Killed a troll
  8521 | D:8      | Noticed Grum
  9149 | D:8      | Found a shattered altar of Ashenzari.
  9193 | D:8      | Noticed a two-headed ogre
  9268 | D:8      | Killed a two-headed ogre
  9268 | D:8      | Reached skill level 10 in Dodging
  9268 | D:8      | Reached XP level 10. HP: 33/49 MP: 11/11
  9643 | D:8      | Reached skill level 16 in Stealth
  9819 | D:8      | Killed Grum
 10645 | D:9      | Found an iron altar of Okawaru.
 11316 | D:10     | Entered Level 10 of the Dungeon
 11334 | D:10     | Found a flagged portal.
 11392 | Bailey   | Entered a bailey
 11694 | Bailey   | Reached skill level 17 in Stealth
 11735 | Bailey   | Noticed an orc knight
 11745 | Bailey   | Killed an orc knight
 11752 | Bailey   | Got a scintillating steel ring
 11756 | Bailey   | Identified the ring of Qedy {*Tele rN+ Stlth+} (You found it in a bailey)
 12013 | D:10     | Reached skill level 18 in Stealth
 12014 | D:10     | Reached XP level 11. HP: 54/54 MP: 12/12
 12147 | D:10     | Noticed Sonja
 12153 | D:10     | Killed Sonja
 12315 | D:10     | Found a staircase to the Lair.
 12608 | D:11     | Noticed Fannar
 12659 | D:11     | Reached skill level 19 in Stealth
 12731 | D:11     | Noticed Erolcha
 13044 | D:11     | Killed Erolcha
 13049 | D:11     | Reached skill level 1 in Evocations
 13701 | D:11     | Noticed Snorg
 13764 | D:11     | Killed Snorg
 13821 | D:11     | Reached skill level 20 in Stealth
 13854 | D:11     | Noticed a four-headed hydra
 14104 | D:11     | Killed Fannar
 14107 | D:11     | Upgraded the game from 0.22-a0-367-gb72a975701 to 0.22-a0-369-gc73351f94e
 14239 | D:11     | Noticed Josephine
 14334 | D:11     | Killed a four-headed hydra
 14563 | D:11     | Reached skill level 5 in Fighting
 14597 | D:11     | Killed Josephine
 14597 | D:11     | Reached XP level 12. HP: 26/60 MP: 15/15
 14604 | D:11     | Noticed a death knight
 14991 | D:11     | Killed a death knight
 15295 | D:12     | Noticed a tengu warrior
 15323 | D:12     | Killed a tengu warrior
 15323 | D:12     | Reached skill level 21 in Stealth
 15573 | D:12     | Got a bloodstained robe
 15584 | D:12     | Identified the cursed +1 robe "Vaupal" {rPois MR+ Str+2 SInv} (You found it on level 12 of the Dungeon)
 15637 | D:12     | Noticed Urug
 16021 | D:12     | Killed Urug
 16064 | D:12     | Found a staircase to the Orcish Mines.
 16172 | D:12     | Noticed a two-headed ogre
 16177 | D:12     | Killed a two-headed ogre
 16177 | D:12     | Reached skill level 5 in Evocations
 16300 | Orc:1    | Entered Level 1 of the Orcish Mines
 16314 | Orc:1    | Noticed a stone giant
 16749 | D:13     | Identified a scroll of acquirement
 16886 | D:13     | Reached skill level 10 in Short Blades
 17114 | D:13     | Noticed a centaur warrior
 17121 | D:13     | Killed a centaur warrior
 17940 | D:14     | Noticed a centaur warrior
 17940 | D:14     | Noticed a tengu warrior
 17942 | D:14     | Noticed a centaur warrior
 17943 | D:14     | Reached XP level 13. HP: 64/65 MP: 19/19
 18299 | Orc:1    | Annihilated by a stone giant

Vault maps used:
D:1:      enne_arrival_octagon_isle
D:2:      gammafunk_temple_overflow_arena, lemuel_tele_altar, uniq_robin
D:3:      first_ration, roderic_lattice_a, minivault_26, uniq_crazy_yiuf_cottage
D:5:      portal_sewer_entry_d
D:6:      serial_shops, nicolae_shop_trees, nicolae_shop_stone
D:7:      minmay_temple_entry_statues_fountains, uniq_pikel
D:8:      grunt_ogre_cave, hangedman_abyss_or_decor_clamps,
          nicolae_ashenzari_panopticon, uniq_grum
D:9:      okawaru_gym_becter
D:10:     david_lair_shrubbed, enter_bailey_3, uniq_sonja
D:11:     uniq_fannar, uniq_snorg, uniq_erolcha, uniq_josephine
D:12:     orc_0_dummy, kennysheep_generic_room_14, uniq_urug
D:14:     grunt_vaults_entry_tiered, grunt_decor_fettered
Temple:   compressed_dpeg_triangle_lava_temple
Sewer:    sewer_frog_island_02
Bailey:   bailey_polearm_2, bailey

Skill      XL: |  1  2  3  4  5  6  7  8  9 10 11 12 |
---------------+-------------------------------------+-----
Stealth        | 6 7 8 9 10 11 13 15 18 20 21 | 21.0
Dodging        | 2 3 6 8 10 11 13 | 13.9
Short Blades   | 3 4 6 7 8 9 10 | 10.9
Fighting       | 2 3 4 5 |  5.9
Evocations     | 3 7 |  7.1
Throwing       | |  2.0

Action                   |  1- 3 |  4- 6 |  7- 9 | 10-12 | 13-15 || total
-------------------------+-------+-------+-------+-------+-------++-------
Melee: Dagger            |   147 |   334 |   623 |   759 |    24 ||  1887
       Rapier            |       |       |       |    54 |       ||    54
 Fire: Blowgun           |     6 |    15 |    15 |    18 |     1 ||    55
Invok: Call Merchant     |       |       |       |     2 |       ||     2
Evoke: Wand              |       |       |       |    33 |       ||    33
       Phantom mirror    |       |       |       |     1 |       ||     1
       Lightning rod     |       |       |       |     1 |       ||     1
  Use: Scroll            |       |     6 |     2 |    17 |     3 ||    28
       Potion            |       |     2 |     1 |     4 |     1 ||     8
 Stab: Sleeping          |    14 |    16 |    22 |    71 |       ||   123
       Distracted        |       |     1 |     6 |     9 |     1 ||    17
       Invisible         |       |       |       |     4 |       ||     4
       Paralysed         |       |       |       |     1 |       ||     1
  Eat: Ration            |       |     1 |     3 |     5 |       ||     9
Armor: Robe              |    22 |    23 |    33 |    15 |       ||    93
Dodge: Dodged            |   121 |   409 |   617 |   569 |    19 ||  1735

Table legend:
 A = Spawn XP
 B = Non-spawn XP
 C = Spawn XP percentage of total XP
 D = Spawn monster count
 E = Non-spawn monster count
 F = Spawn count percentage of total count
 G = Total turns spent on level
                    A         B        C        D         E        F      G
               +---------+---------+-------+---------+---------+-------+---------
         Total |       0 |   38180 |   0.0 |       0 |     431 |   0.0 | 18299
               +---------+---------+-------+---------+---------+-------+---------
           D:1 |       0 |      84 |   0.0 |       0 |      35 |   0.0 |  1197
           D:2 |       0 |     155 |   0.0 |       0 |      39 |   0.0 |  1311
           D:3 |       0 |     107 |   0.0 |       0 |      19 |   0.0 |   843
           D:4 |       0 |     563 |   0.0 |       0 |      23 |   0.0 |   928
           D:5 |       0 |     959 |   0.0 |       0 |      21 |   0.0 |  1149
           D:6 |       0 |    2021 |   0.0 |       0 |      32 |   0.0 |  1599
           D:7 |       0 |     908 |   0.0 |       0 |      26 |   0.0 |  1106
           D:8 |       0 |    2601 |   0.0 |       0 |      19 |   0.0 |  1491
           D:9 |       0 |     904 |   0.0 |       0 |      21 |   0.0 |   841
          D:10 |       0 |    3580 |   0.0 |       0 |      29 |   0.0 |  2148
          D:11 |       0 |    9858 |   0.0 |       0 |      35 |   0.0 |  1443
          D:12 |       0 |    5270 |   0.0 |       0 |      22 |   0.0 |  1412
          D:13 |       0 |    4663 |   0.0 |       0 |      17 |   0.0 |   846
          D:14 |       0 |    4025 |   0.0 |       0 |      17 |   0.0 |   689
         Orc:1 |       0 |     747 |   0.0 |       0 |       6 |   0.0 |    73
         Sewer |       0 |     289 |   0.0 |       0 |      54 |   0.0 |   839
        Bailey |       0 |    1446 |   0.0 |       0 |      16 |   0.0 |   372
               +---------+---------+-------+---------+---------+-------+---------
